 Dungeon Crawl Stone Soup version 0.23.2 (webtiles) character file.

Game seed: 10271786598872372000

5758 Norn the Cleaver (level 10, -12/93 HPs)
             Began as a Hill Orc Monk on Apr 13, 2019.
             Was a High Priest of Beogh.
             Mangled by Snorg (13 damage)
             ... on level 10 of the Dungeon.
             The game lasted 00:38:50 (15374 turns).

Norn the Cleaver (Hill Orc Monk)                   Turns: 15374, Time: 00:38:51

Health: -12/93     AC: 19    Str: 18    XL:     10   Next: 78%
Magic:  17/17      EV:  8    Int: 10    God:    Beogh [*****.]
Gold:   1450       SH:  0    Dex: 13    Spells: 9/9 levels left

rFire    + . .     SeeInvis +   s - +0 war axe
rCold    . . .     Gourm    .   (no shield)
rNeg     . . .     Faith    .   L - +3 chain mail {rF+}
rPois    .         Spirit   .   E - +1 helmet
rElec    .         Reflect  .   (no cloak)
rCorr    .         Harm     .   q - +0 pair of gloves
MR       .....                  y - +1 pair of boots
Stlth    ..........             (no amulet)
HPRegen  0.25/turn              z - ring of see invisible
MPRegen  0.15/turn              C - +3 ring of protection

@: no status effects
A: walk on water
a: Smiting, Recall Orcish Followers, Give Item to Named Follower, Renounce
Religion


You were on level 10 of the Dungeon.
You worshipped Beogh.
Beogh was extremely pleased with you.
You were not hungry.

You visited 1 branch of the dungeon, and saw 10 of its levels.
You also visited: Sewer, Ossuary and Bailey.

You collected 1450 gold pieces.

Inventory:

Hand Weapons
 s - a +0 war axe (weapon)
   (You took it off an orc on level 5 of the Dungeon)
 J - a +0 blowgun
   (You took it off a kobold on level 8 of the Dungeon)
 K - the +7 hand axe of the Feather {antimagic, rElec Int+4}
   (You found it on level 8 of the Dungeon)

   It reduces the magical energy of the wielder, and disrupts the spells and
   magical abilities of those hit.
   Natural abilities and divine invocations are not affected.
   It affects your intelligence (+4).
   It insulates you from electricity.
Missiles
 x - 196 stones (quivered)
 A - 19 poisoned needles
 I - 6 curare-tipped needles {!f}
 M - 2 throwing nets {!f}
Armour
 a - the +2 scale mail of Tempters {+Fly Dex+7}
   (You took it off an orc on level 6 of the Dungeon)

   It affects your dexterity (+7).
   It lets you fly.
 c - a +0 plate armour
   (You took it off an orc warrior in a bailey)
 q - a +0 pair of gloves (worn)
   (You found it on level 2 of the Dungeon)
 y - a +1 pair of boots (worn)
   (You found it on level 7 of the Dungeon)
 E - a +1 helmet (worn)
   (You found it on level 4 of the Dungeon)
 L - a +3 chain mail of fire resistance (worn)
   (You found it in a bailey)
Magical Staves
 P - an uncursed staff of cold
   (You found it on level 8 of the Dungeon)
Jewellery
 h - an uncursed ring of positive energy
   (You found it on level 1 of the Dungeon)
 z - a ring of see invisible (left hand)
   (You found it on level 1 of the Dungeon)
 C - a +3 ring of protection (right hand)
   (You found it on level 4 of the Dungeon)
Wands
 b - a wand of polymorph (21)
   (You found it on level 4 of the Dungeon)
 d - a wand of iceblast (4)
   (You found it on level 10 of the Dungeon)
 Q - a wand of clouds (3)
   (You found it on level 9 of the Dungeon)
Scrolls
 f - a scroll of amnesia
 n - 2 scrolls of enchant armour
 t - 9 scrolls of teleportation {@r4}
 v - 2 scrolls of immolation {!r}
 B - 2 scrolls of blinking
 D - a scroll of magic mapping
 F - 4 scrolls of remove curse {@r2}
 R - a scroll of identify {@r1}
Potions
 g - a potion of might
 i - 3 potions of magic
 k - 6 potions of curing {@q1}
 l - 3 potions of berserk rage
 m - 3 potions of lignification {!q}
 o - 6 potions of haste {@q3}
 p - 4 potions of agility
 r - 3 potions of flight
 u - 2 potions of mutation {!q}
 w - a potion of heal wounds {@q2}
 N - a potion of brilliance
 O - a potion of resistance
Comestibles
 e - 19 rations {!d}
 j - 5 chunks of flesh


   Skills:
 + Level 10.2 Fighting
 * Level 14.5 Axes
 - Level 2.4 Dodging
 - Level 1.5 Stealth
 + Level 9.8 Invocations


You had 9 spell levels left.
You didn't know any spells.
Your spell library contained the following spells:

 Spells                   Type           Power        Failure   Level  Hunger
 Confusing Touch          Hex            #.....       99%         1    ##.....
 Shock                    Conj/Air       #...         99%         1    ##.....
 Swiftness                Chrm/Air       #.......     100%        2    ###....
 Confuse                  Hex            #.......     100%        3    ####...
 Gell's Gravitas          Tloc           #.........   100%        3    ####...
 Static Discharge         Conj/Air       #.......     100%        3    ####...
 Airstrike                Air            #.........   100%        4    #####..
 Petrify                  Tmut/Erth      #.......     100%        4    #####..
 Bolt of Magma            Conj/Fire/Erth #.........   100%        5    ######.
 Iskenderun's Battlesphe  Conj/Chrm      #.......     100%        5    ######.
 Lightning Bolt           Conj/Air       #.........   100%        5    ######.
 Metabolic Englaciation   Hex/Ice        #.........   100%        5    ######.
 Venom Bolt               Conj/Pois      #.........   100%        5    ######.
 Yara's Violent Unravell  Hex/Tmut       #.........   100%        5    ######.
 Iron Shot                Conj/Erth      #.........   100%        6    #######
 Orb of Destruction       Conj           #.........   100%        7    #######
 Spellforged Servitor     Conj/Summ      #.........   100%        7    #######


Dungeon Overview and Level Annotations

Branches:
Dungeon (10/15)            Temple (0/1) D:7
   Lair: D:8-11         Orc: D:9-12

Altars:
Dithmenos
Okawaru
Zin

Shops:
D:7 %*

Annotations:
D:3 Grinder
D:5 Orc warrior
D:9 1 runed translucent door
D:10 Snorg


Message History

The orc shouts!
An orc wizard comes into view. It is wielding a +2 dagger of venom.
Snorg the Insatiable comes into view.
The orc wizard stares at you in amazement and kneels.
It asks, "Are you our saviour?"
An orc wizard comes into view. It is wielding a +0 dagger.
Snorg shouts!
The orc hits you but does no damage.
You barely miss the orc. The orc hits you but does no damage.
The orc wizard casts a spell.
The orc wizard seems to speed up.
You hit the orc.
Berold hits the orc from afar with a +1 halberd!!
The orc dies!
Beogh accepts your kill.
You slash Snorg! You hit the orc wizard. The orc wizard casts a spell at you.
The magic dart hits you!
Berold hits Snorg from afar with a +1 halberd!
Snorg goes berserk!
You slash the orc wizard!
You kill the orc wizard!
Beogh accepts your kill.
You hit Snorg.
Your orc wizard mumbles some strange words.
Your orc wizard blinks!
Snorg bites you! Snorg closely misses you. Snorg barely misses you.
You hit Snorg.
Garbold hits Snorg with a +1 war axe!!
Berold roars a battlecry!
Your orc warriors go into a battle-frenzy!
Snorg bites you! Snorg completely misses you.
Snorg claws you but does no damage.
You hit Snorg. Snorg bites you! Snorg claws you! x2
* * * LOW HITPOINT WARNING * * *
Berold barely misses Snorg.
Garbold hits Snorg with a +1 war axe!!
You barely miss Snorg. Snorg bites you!
* * * LOW HITPOINT WARNING * * *
Snorg claws you but does no damage. Snorg claws you.
* * * LOW HITPOINT WARNING * * *
Berold hits Snorg from afar with a +1 halberd!
You barely miss Snorg. Snorg bites you but does no damage. Snorg claws you!
* * * LOW HITPOINT WARNING * * *
Snorg barely misses you. Snorg bites you but does no damage.
Snorg barely misses you. Snorg completely misses you.
You slash Snorg!
Garbold closely misses Snorg.
Berold hits Snorg from afar with a +1 halberd!!
Snorg bites you!
* * * LOW HITPOINT WARNING * * *
Snorg barely misses you. Snorg claws you!
You die...

...# #..#
#..#
#..####...#
...####..#
#..#
#.........###
#........#
#..#
#...†........
#...o....#
#..#
#...####.....
#..###...#
#..# #...#
#..... #..#
#...# #..#
#...# #.....
#.o# #...#
#..# #...#
#..... #..#
#...# #o.#
#...# #.....
#..# #...#
#@o# #...#
#..... #..#
#...# #oT#
#...# #.....
#..# #...#
#..# #...#
#..# #...#
#.o# #...#
#..# #...#
#..# #...#
#..# #...#
#..# #..#
#...# #..#
#..# #...#
#..# #..#
#...#


You could see Snorg (berserk), the friendly Berold the orc knight, a friendly
orc warrior, the friendly Garbold the orc warrior and a friendly orc wizard.

Vanquished Creatures
  A hippogriff (D:10)
  A wyvern (D:8)
  A water moccasin (D:5)
  4 orc warriors
  Purgy (Sewer)
  An eye of draining (D:9)
  2 ice beasts
  A necrophage (D:5)
  2 sky beasts
  2 phantoms
  5 ogres
  A centaur (D:7)
  2 elf zombies (Ossuary)
  A big kobold (D:8)
  3 bullfrogs
  A wyvern zombie (D:6)
  A scorpion (D:5)
  3 killer bees
  4 wights (D:7)
  2 howler monkeys
  2 centaur zombies (Ossuary)
  2 crimson imps
  A bullfrog zombie (D:10)
  8 human zombies (Ossuary)
  A quasit (D:6)
  2 hounds
  A gnoll shaman (D:6)
  3 orc priests (D:5)
  A jelly (D:9)
  3 orc wizards
  2 iguanas
  7 worker ants
  A hound skeleton (D:6)
  3 mummies (Ossuary)
  A worker ant zombie (D:5)
  22 adders
  4 gnolls (D:6)
  4 shadow imps
  An ooze (D:3)
  An adder skeleton (D:4)
  4 worms
  4 leopard geckos
  14 orcs
  A ball python (D:6)
  5 bats
  4 giant cockroaches
  9 goblins
  10 hobgoblins
  7 jackals
  28 kobolds
  6 quokkas
  A ball python skeleton (D:4)
  6 frilled lizards
  A leopard gecko skeleton (D:4)
  9 rats
218 creatures vanquished.

Vanquished Creatures (collateral kills)
  An orc knight (Bailey)
  A hornet (D:9)
  Prince Ribbit (D:7)
  2 hippogriffs
  Menkaure (D:7)
  An ice beast (D:8)
  A black bear (D:9)
  An ogre (D:9)
  2 centaurs
  A big kobold (D:8)
  4 bullfrogs
  A wyvern skeleton (D:9)
  A scorpion (D:10)
  A jelly (D:9)
  4 orc wizards
  A bullfrog skeleton (D:10)
  3 worker ants
  2 shadow imps
  2 adder skeletons
  An orc (D:10)
  A giant cockroach (D:8)
  6 kobolds (D:8)
39 creatures vanquished.

Vanquished Creatures (others)
  3 orc priests (D:3)
  2 orc wizards
  A worm (D:3)
  5 orcs
  A goblin (D:3)
  A hobgoblin (D:3)
13 creatures vanquished.

Grand Total: 270 creatures vanquished

Notes
Turn   | Place    | Note
-------+----------+-------------------------------------------
     0 | D:1      | Norn the Hill Orc Monk began the quest for the Orb.
     0 | D:1      | Reached XP level 1. HP: 19/19 MP: 1/1
   282 | D:1      | Reached XP level 2. HP: 27/27 MP: 2/2
   725 | D:1      | Reached skill level 5 in Axes
   910 | D:1      | Reached XP level 3. HP: 33/33 MP: 3/3
  1755 | D:2      | Reached XP level 4. HP: 33/41 MP: 4/4
  1920 | D:2      | Reached skill level 6 in Axes
  2040 | D:2      | Found a faded altar of an unknown god.
  2270 | D:3      | Found an iron altar of Okawaru.
  2341 | D:3      | Became a worshipper of Beogh the Brigand
  2341 | D:3      | Reached * piety under Beogh
  2341 | D:3      | Reached ** piety under Beogh
  2715 | D:3      | Noticed Grinder
  2921 | D:3      | Found a shadowy altar of Dithmenos.
  2981 | D:3      | Reached XP level 5. HP: 44/47 MP: 5/5
  3336 | D:4      | Reached skill level 1 in Invocations
  3351 | D:4      | Noticed an ogre
  3351 | D:4      | Noticed an ogre
  3547 | D:4      | Noticed a phantom
  3763 | D:4      | Noticed an ogre
  4197 | D:4      | Reached skill level 5 in Fighting
  4524 | D:4      | Reached skill level 7 in Axes
  4906 | D:4      | Killed a phantom
  4906 | D:4      | Reached XP level 6. HP: 29/56 MP: 3/7
  5652 | D:3      | Reached skill level 8 in Axes
  5652 | D:3      | Reached XP level 7. HP: 31/62 MP: 9/9
  6694 | D:5      | Entered Level 5 of the Dungeon
  6776 | D:5      | Found a glowing drain.
  7015 | Sewer    | Entered a sewer
  7162 | Sewer    | Noticed Purgy
  7183 | Sewer    | Killed Purgy
  7183 | Sewer    | Reached skill level 9 in Axes
  7340 | D:5      | Reached XP level 8. HP: 61/71 MP: 11/11
  7957 | D:5      | Reached skill level 5 in Invocations
  8255 | D:6      | Reached skill level 10 in Axes
  8775 | D:6      | Reached *** piety under Beogh
  8965 | D:6      | Identified the +2 scale mail of Tempters {+Fly Dex+7}
  9016 | D:6      | Reached skill level 11 in Axes
  9016 | D:6      | Reached XP level 9. HP: 46/80 MP: 13/13
  9599 | D:5      | Found a shadowy altar of Dithmenos.
  9643 | D:7      | Found Usasyry's Lightly-Used Armoury.
  9643 | D:7      | Noticed Prince Ribbit
 10166 | D:7      | Found a sand-covered staircase.
 10333 | Ossuary  | Entered an ossuary
 10597 | Ossuary  | Reached skill level 12 in Axes
 10885 | D:7      | Noticed Menkaure
 10895 | D:7      | Killed Menkaure
 11119 | D:7      | Found a staircase to the Ecumenical Temple.
 11157 | D:7      | Killed Prince Ribbit
 11157 | D:7      | Reached **** piety under Beogh
 11179 | D:7      | Found Vuleb's Food Shoppe.
 11782 | D:7      | Reached skill level 13 in Axes
 12030 | D:8      | Found a flagged portal.
 12037 | D:8      | Reached XP level 10. HP: 79/91 MP: 16/16
 12047 | D:8      | Got a transparent hand axe
 12050 | Bailey   | Entered a bailey
 12084 | Bailey   | Identified the +7 hand axe of the Feather {antimagic, rElec
                  | Int+4} (You found it on level 8 of the Dungeon)
 12185 | Bailey   | Noticed an orc knight
 12190 | Bailey   | Found a burning altar of Makhleb.
 12197 | Bailey   | Killed an orc knight
 12197 | Bailey   | Gained Garbold as an ally
 12871 | D:8      | Gained Herok as an ally
 13608 | D:9      | Found a shadowy altar of Dithmenos.
 13726 | D:9      | Reached skill level 14 in Axes
 14058 | D:9      | Reached ***** piety under Beogh
 14231 | D:9      | Reached skill level 10 in Fighting
 14309 | D:9      | Found a glowing silver altar of Zin.
 14309 | D:9      | Found a runed translucent door.
 14309 | D:9      | Noticed an angel
 14392 | D:10     | Entered Level 10 of the Dungeon
 14745 | D:10     | Gained Berold as an ally
 15363 | D:10     | Noticed Snorg
 15374 | D:10     | HP: 1/93 [Snorg (16)]
 15374 | D:10     | Mangled by Snorg

Skill      XL: |  1  2  3  4  5  6  7  8  9 10 |
---------------+-------------------------------+-----
Fighting       | 4 5 6 7 9 10 | 10.2
Axes           | 5 6 7 8 9 11 13 14 | 14.5
Invocations    | 2 3 4 6 8 9 |  9.8
Dodging        | |  2.4
Stealth        | |  1.5

Action                   |  1- 3 |  4- 6 |  7- 9 | 10-12 || total
-------------------------+-------+-------+-------+-------++-------
Melee: Hand axe          |   128 |   237 |   320 |       ||   685
       War axe           |       |       |   282 |   193 ||   475
 Fire: Blowgun           |       |       |       |    24 ||    24
Throw: Stone             |     7 |       |     2 |       ||     9
Invok: Convert to Beogh  |       |     1 |       |       ||     1
       Smiting           |       |     2 |     1 |       ||     3
       Recall Orcish Fol |       |       |       |     1 ||     1
       Give Item to Name |       |       |       |     1 ||     1
       Stop Recall       |       |       |       |     1 ||     1
Evoke: Wand              |       |     6 |     3 |     5 ||    14
  Use: Scroll            |     5 |       |    10 |    11 ||    26
 Stab: Sleeping          |     5 |       |       |       ||     5
       Distracted        |       |       |     3 |     2 ||     5
  Eat: Chunk             |     3 |     8 |    15 |     7 ||    33
       Ration            |       |     1 |     2 |     1 ||     4
Armor: Robe              |    24 |       |       |       ||    24
       Chain mail        |    18 |   111 |   252 |   113 ||   494
       Scale mail        |       |       |    92 |    26 ||   118
Dodge: Dodged            |    91 |    62 |   235 |    90 ||   478
